 Dungeon Crawl Stone Soup version 0.29.0-13-gc9e81de378 (webtiles) character file.

Game seed: 736522622686145682

706191 Pim the Slayer (level 27, -6/217 HPs)
             Began as a Human Ice Elementalist on Sept 10, 2022.
             Was the Champion of the Shining One.
             Killed from afar by a deep elf high priest (17 damage)
             ... with damnation
             ... summoned by a demonspawn corrupter
             ... in Pandemonium on Sept 11, 2022.
             The game lasted 05:05:10 (111358 turns).

Pim the Slayer (Human Ice Elementalist)           Turns: 111358, Time: 05:05:10

Health: -6/217     AC: -16   Str: 20      XL:     27
Magic:  0/38       EV: 22    Int: 19 (21) God:    the Shining One [******]
Gold:   4486       SH:  0    Dex: 11 (13) Spells: 25/58 levels left

rFire   . . .      SeeInvis .   (weapon currently unavailable)
rCold   . . .      Faith    .   (shield currently unavailable)
rNeg    + + +      Spirit   .   (body armour currently unavailable)
rPois   .          Reflect  .   (helmet currently unavailable)
rElec   .          Harm     .   (cloak currently unavailable)
rCorr   .          Rampage  .   (gloves currently unavailable)
Will    +++..                   (boots currently unavailable)
Stlth   +.........              N - amulet of Neiroom {RegenMP Contam Str+4 Slay+4}
HPRegen 0.46/turn               (ring currently unavailable)
MPRegen 0.66/turn               (ring currently unavailable)

@: pig-form, marked, corroded, on blink cooldown, very slightly contaminated,
glowing, studying Unarmed Combat, unable to read, unable to drink, very quick
A: fast, no casting, small, clumsy 2, deterioration 2, frail 1, low MP 1,
strong-willed 1, passive freeze, strong 1, inability to drink after injury 2,
inability to read after injury 2
}: 4/15 runes: serpentine, barnacled, silver, demonic
a: Renounce Religion, Divine Shield, Cleansing Flame, Summon Divine Warrior


You were in Pandemonium.
You worshipped the Shining One.
The Shining One was exalted by your worship.
You were a filthy swine.
You visited 14 branches of the dungeon, and saw 57 of its levels.
You visited Pandemonium 2 times, and saw 4 of its levels.
You visited the Abyss 1 time.
You visited 1 bazaar.
You also visited: Ice Cave, Volcano and Wizlab.

You collected 7773 gold pieces.
You spent 3287 gold pieces at shops.

Inventory:

Hand Weapons
 a - a +9 eudemon blade of holy wrath (melded)
 z - a +4 trishula of holy wrath
Missiles
 k - 21 curare-tipped darts
 o - 4 silver boomerangs (quivered)
 G - 17 atropa-tipped darts
 I - 11 throwing nets
 Y - 14 silver javelins
Armour
 c - the +2 pair of boots "Punew" (melded) {rElec Regen+ Str+4 Dex+2}
   (You found it in a wizard's laboratory)

   Str:       It affects your strength (+4).
   Dex:       It affects your dexterity (+2).
   rElec:     It insulates you from electricity.
   Regen:     It increases your rate of health regeneration.
 n - the +4 moon troll leather armour (melded) {Spirit, Regen++ MP+5}
   (You took it off a moon troll in a wizard's laboratory)

   MP:        It affects your magic capacity (+5).
   Regen:     It increases your rate of health regeneration.
 A - a +2 helmet of intelligence (melded)
 L - a +2 pair of gloves of hurling (melded)
 O - the +2 cloak of Disaster (melded) {rPois rF+ Str+3}
   (You found it on level 7 of the Dungeon)

   Str:       It affects your strength (+3).
   rF:        It protects you from fire.
   rPois:     It protects you from poison.
 P - the +8 tower shield of the Wasteland (melded) {rF+}
   (You acquired it on level 2 of the Orcish Mines)

   rF:        It protects you from fire.
 Z - a +5 kite shield of reflection
Jewellery
 b - the ring "Arotzo" {Will+ Str+2 Dex+6 Stlth+}
   (You took it off a deep elf death mage on level 5 of the Vaults)

   [ring of dexterity]

   Str:       It affects your strength (+2).
   Dex:       It affects your dexterity (+6).
   Will:      It increases your willpower.
   Stlth:     It makes you more stealthy.
 e - an amulet of regeneration
 l - the brooch of Shielding {Spirit SH+8}
   (You took it off a daeva on level 2 of the Depths)

   [amulet of guardian spirit]

   It causes incoming damage to be divided between your reserves of health and
   magic.
   SH:        It affects your SH (+8).
 s - the ring "Gomiloonu" {rF+ rC+ Str+2 Dex-5}
   (You took it off a deep elf sorcerer on level 3 of the Elven Halls)

   [ring of protection from fire]

   Str:       It affects your strength (+2).
   Dex:       It affects your dexterity (-5).
   rF:        It protects you from fire.
   rC:        It protects you from cold.
 D - the ring of the Enemy (melded) {Ice Fly Str+2 Dex+6 Stlth-}
   (You found it on level 3 of the Elven Halls)

   [ring of ice]

   It enhances your ice magic.
   Str:       It affects your strength (+2).
   Dex:       It affects your dexterity (+6).
   rF:        It makes you vulnerable to fire.
   rC:        It protects you from cold.
   Fly:       It grants you flight.
   Stlth:     It makes you less stealthy.
 M - the ring of Sif Muna's Generosity (melded) {rElec Str+2 Int+4 Dex+6}
   (You took it off a kobold brigand on level 7 of the Dungeon)

   [ring of dexterity]

   Str:       It affects your strength (+2).
   Int:       It affects your intelligence (+4).
   Dex:       It affects your dexterity (+6).
   rElec:     It insulates you from electricity.
 N - the amulet of Neiroom (around neck) {RegenMP Contam Str+4 Slay+4}
   (You acquired it on level 10 of the Dungeon)

   [amulet of magic regeneration]

   It increases your rate of magic regeneration.
   Str:       It affects your strength (+4).
   Slay:      It affects your accuracy & damage with ranged weapons and melee
   (+4).
   Contam:    It causes magical contamination when unequipped.
Wands
 j - a wand of light (11)
 m - a wand of polymorph (24)
 p - a wand of iceblast (11)
 x - a wand of paralysis (19)
 B - a wand of flame (8)
 F - a wand of digging (2)
 U - a wand of mindburst (14)
Scrolls
 d - 5 scrolls of silence
 q - 4 scrolls of fog
 r - 3 scrolls of magic mapping
 u - 12 scrolls of teleportation
 w - a scroll of blinking
 y - 2 scrolls of brand weapon
 C - 7 scrolls of fear
 S - 12 scrolls of immolation
 T - 11 scrolls of poison
 X - a scroll of summoning
Potions
 f - 3 potions of heal wounds
 g - a potion of cancellation
 h - 17 potions of flight
 i - 27 potions of curing
 t - 11 potions of berserk rage
 E - 8 potions of might
 H - 9 potions of brilliance
 J - 7 potions of magic
 K - 12 potions of lignification
Miscellaneous
 v - a phial of floods
 R - a phantom mirror
 W - a tin of tremorstones (2/2)


   Skills:
 - Level 25.0 Fighting
 - Level 16.0 Long Blades
 - Level 10.0 Throwing
 - Level 18.0 Armour
 + Level 18.3 Dodging
 - Level 2.0 Stealth
 - Level 18.0 Shields
 * Level 16.0 Spellcasting
 - Level 12.0 Conjurations
 - Level 3.0 Translocations
 - Level 8.0 Transmutations
 * Level 18.4 Ice Magic
 - Level 20.0 Invocations
 + Level 1.1 Evocations


You had 25 spell levels left.
You knew the following spells:

 Your Spells              Type           Power      Damage    Failure   Level
a - Irradiate             Conj/Tmut      26%        3d20      1%          5
b - Frozen Ramparts       Ice            100%       1d16      0%          3
c - Ozocubu's Armour      Ice            71%        N/A       0%          3
d - Hailstorm             Conj/Ice       64%        3d14      1%          4
e - Freezing Cloud        Conj/Ice/Air   26%        6-21      1%          5
f - Ozocubu's Refrigerat  Ice            35%        4d15      1%          7
g - Blink                 Tloc           52%        N/A       1%          2
h - Freeze                Ice            100%       1d11      0%          1
i - Apportation           Tloc           52%        N/A       1%          1
z - Wereblood             Tmut           45%        N/A       1%          2

Your spell library contained the following spells:

 Spells                   Type           Power      Damage    Failure   Level
 Beastly Appendage        Tmut           90%        N/A       1%          1
 Magic Dart               Conj           100%       1d8       1%          1
 Ensorcelled Hibernation  Hex/Ice        100%       N/A       1%          2
 Passwall                 Tmut/Erth      25%        N/A       1%          2
 Searing Ray              Conj           100%       2d8       1%          2
 Static Discharge         Conj/Air       38%        3-8/arc   1%          2
 Conjure Flame            Conj/Fire      38%        6-21      1%          3
 Dazzling Flash           Conj/Hex       76%        N/A       1%          3
 Stone Arrow              Conj/Erth      76%        3d11      1%          3
 Ice Form                 Ice/Tmut       60%        N/A       1%          4
 Summon Ice Beast         Ice/Summ       50%        N/A       1%          4
 Mephitic Cloud           Conj/Pois/Air  30%        N/A       2%          3
 Spider Form              Tmut/Pois      30%        N/A       2%          3
 Gell's Gravitas          Tloc           26%        N/A       3%          3
 Teleport Other           Tloc           26%        N/A       3%          3
 Flame Wave               Conj/Fire      38%        2d10      3%          4
 Fulminant Prism          Conj/Hex       19%        3d11      3%          4
 Sticky Flame             Conj/Fire      38%        2d6       3%          4
 Necrotise                Necr           60%        1d7       4%          1
 Sandblast                Erth           30%        2d9       4%          1
 Slow                     Hex            60%        N/A       4%          1
 Summon Small Mammal      Summ           60%        N/A       4%          1
 Ignite Poison            Fire/Tmut/Pois 25%        N/A       4%          3
 Blade Hands              Tmut           22%        N/A       4%          5
 Scorch                   Fire           30%        2d7       6%          2
 Sublimation of Blood     Necr           15%        N/A       6%          2
 Portal Projectile        Hex/Tloc       40%        N/A       6%          3
 Petrify                  Tmut/Erth      30%        N/A       8%          4
 Lightning Bolt           Conj/Air       19%        1d33      10%         5
 Call Canine Familiar     Summ           15%        N/A       12%         3
 Confusing Touch          Hex            15%        N/A       12%         3
 Summon Guardian Golem    Hex/Summ       15%        N/A       12%         3
 Tukima's Dance           Hex            15%        N/A       12%         3
 Vampiric Draining        Necr           15%        2d7       12%         3
 Passage of Golubria      Tloc           26%        N/A       12%         4
 Simulacrum               Ice/Necr       25%        N/A       14%         6
 Alistair's Intoxication  Tmut/Pois      20%        N/A       22%         5
 Yara's Violent Unravell  Hex/Tmut       15%        3d8       22%         5
 Manifold Assault         Tloc           26%        N/A       32%         5
 Airstrike                Air            7%         2d(2-18)  36%         4
 Anguish                  Hex/Necr       7%         N/A       36%         4
 Animate Armour           Summ/Erth      30%        N/A       36%         4
 Cause Fear               Hex            7%         N/A       36%         4
 Leda's Liquefaction      Hex/Erth       7%         N/A       36%         4
 Summon Lightning Spire   Summ/Air       15%        N/A       36%         4
 Conjure Ball Lightning   Conj/Air       19%        3x3d6     45%         6
 Iron Shot                Conj/Erth      19%        9d4       45%         6
 Summon Forest            Summ/Tloc      10%        N/A       52%         5
 Borgnjor's Vile Clutch   Necr/Erth      7%         N/A       73%         5
 Lee's Rapid Deconstruct  Erth           7%         3d8*      73%         5
 Eringya's Noxious Bog    Tmut/Pois      15%        N/A       75%         6
 Statue Form              Tmut/Erth      20%        N/A       75%         6
 Dispersal                Tloc           13%        N/A       87%         6
 Polar Vortex             Ice            35%        N/A       91%         9
 Summon Cactus Giant      Summ           7%         N/A       99%         6
 Enfeeble                 Hex            7%         N/A       100%        7
 Storm Form               Tmut/Air       15%        N/A       100%        7
 Summon Hydra             Summ           7%         N/A       100%        7
 Lehudib's Crystal Spear  Conj/Erth      19%        10d6      100%        8
 Maxwell's Capacitive Co  Air            7%         ∞         100%        8
 Shatter                  Erth           7%         3d10*     100%        9


Dungeon Overview and Level Annotations

Branches:
Dungeon (15/15)            Temple (1/1) D:5            Lair (5/5) D:10
 Shoals (4/4) Lair:2        Snake (4/4) Lair:3        Slime (0/5) Lair:5
    Orc (2/2) D:11            Elf (3/3) Orc:2        Vaults (5/5) D:13
  Crypt (3/3) Vaults:3       Tomb (0/3) Crypt:3      Depths (4/4) D:15
   Hell (visited)             Dis (0/7) Hell            Geh (1/7) Hell
    Coc (0/7) Hell            Tar (4/7) Hell            Zot (5/5) Depths:4
  IceCv (visited)         Volcano (visited)          WizLab (visited)

Altars:
Ashenzari
Cheibriados
Dithmenos
Elyvilon
Fedhas
Gozag
Hepliaklqana
Kikubaaqudgha
Makhleb
Nemelex Xobeh
Okawaru
Qazlal
Ru
Sif Muna
Trog
Uskayaw
Vehumet
Wu Jian
Xom
Yredelemnul
Zin
The Shining One

Shops:
D:2 [   D:14 *   Orc:2 ?:([*[   Elf:2 ?   Snake:3 :=:   Vaults:4 (*[
Depths:1 *   Depths:4 *

Portals:
Hell: Depths:1 Depths:2 Depths:3 Depths:4
Abyss: Depths:3
Pandemonium: Depths:1 Depths:2 Depths:3
Ziggurat: Depths:1

Annotations:
D:5 2 transporters, Arum's ghost, amateur DsGl
Snake:1 Roxanne


Innate Abilities, Weirdness & Mutations

You are a filthy swine.
You move quickly.
Your equipment is almost entirely melded.
You are incapable of wielding weapons or throwing items.
You cannot cast spells.
You are very clumsy. (Dex -4)
Your body often deteriorates upon taking damage.
You are frail. (-10% HP)
Your magical capacity is low. (-10% MP)
You are strong-willed. (Will+)
A frigid envelope surrounds you and freezes all who hurt you.
Your muscles are strong. (Str +4, Int/Dex -1)
You sometimes lose the ability to drink potions when taking damage.
You sometimes lose the ability to read scrolls when taking damage.


Message History

The soul eater dies!
The great icy blast engulfs you!!! You partially resist.
* * * LOW HITPOINT WARNING * * *
You are encased in ice.
Casting: Blink (safe; 3% risk of failure)
Confirm with . or Enter, or press ? or * to list all spells.
You blink.
You cannot drink potions in your current state!
Okay, then.
The demonspawn corrupter is engulfed in freezing vapours.
The demonspawn corrupter calls forth creatures from the Elven Halls!
Nific gestures at you. The bolt of acid hits you!!!
The Shining One protects you from harm! The acid corrodes you!
The demonspawn corrupter is engulfed in freezing vapours.
The ice encasing you melts away. The Brimstone Fiend gestures at you.
The sphere of damnation explodes!
The damnation engulfs you!!
* * * LOW HITPOINT WARNING * * *
Nific gestures at you.
You turn into a filthy swine.
Your +9 eudemon blade of holy wrath melds into your body.
The +2 cloak of Disaster {rPois rF+ Str+3} melds into your body.
Your +2 helmet of intelligence melds into your body.
Your +2 pair of gloves of hurling melds into your body.
The +2 pair of boots "Punew" {rElec Regen+ Str+4 Dex+2} melds into your body.
The +8 tower shield of the Wasteland {rF+} melds into your body.
The +4 moon troll leather armour {Spirit, Regen++ MP+5} melds into your body.
The ring of the Enemy {Ice Fly Str+2 Dex+6 Stlth-} melds into your body.
The ring of Sif Muna's Generosity {rElec Str+2 Int+4 Dex+6} melds into your body.
Your +9 eudemon blade of holy wrath stops glowing.
You feel stupid.
Your aim is not that steady anymore.
You feel strangely alone.
You feel your magic capacity decrease.
You float gracefully downwards.
You feel clumsy.
The deep elf high priest is engulfed in freezing vapours.
The deep elf high priest invokes the aid of its god against you.
The sphere of damnation explodes!
The damnation engulfs you!
You die...

......☼○#########..............
......°.§e○§☼☼.................
......§.§§§§§☼.................
........§§&§§○.1......########.
#####.....§§§☼.#####..#......#.
#......§§○.# #..#......#.
#.......§☼.# +......#.
#..####+##.# #......#. +.. #h#
#......'. #........#......#.
#........#......#.
#........#......#.
#........#......#.
#........#......#.
....^....#......#.
#######..#.....##. #.....#..


You could see Nific (black mark, clouds), a Brimstone Fiend and a deep elf high
priest (summoned).

Vanquished Creatures
  2 dread liches (Zot:5)
  5 orbs of fire (Zot:5)
  8 ancient liches
  Mennas (Pan)
  2 royal mummies (Depths:2)
  4 Killer Klowns
  Vashnia (Snake:4)
  Bai Suzhen (Snake:2)
  Vv (Zot:1)
  Saint Roka (Vaults:4)
  Xtahua (Crypt:2)
  3 curse toes
  Geryon (Hell)
  6 golden dragons
  A pandemonium lord (Pan)
  9 bone dragons
  9 Tzitzimimeh
  4 profane servitors
  3 doom hounds
  4 electric golems
  An Ice Fiend (Pan)
  2 Brimstone Fiends (Pan)
  A moon troll (WizLab)
  2 hellephants
  Rupert (D:13)
  11 liches
  13 tentacled monstrosities
  25 Orb Guardians
  3 tainted leviathans
  2 searing wretches
  A deep elf master archer (Elf:3)
  9 quicksilver dragons
  3 deep elf blademasters (Elf:3)
  19 tentacled starspawn
  2 titans
  7 Executioners
  5 sphinxes
  Gastronok (Lair:1)
  Murray (Hell)
  Agnes (Snake:2)
  5 ancient champions
  7 death cobs
  Kirke (Lair:4)
  2 nagarajas
  6 shadow dragons
  8 draconian knights
  Donald (Shoals:3)
  9 draconian monks
  16 storm dragons
  A daeva (Depths:2)
  5 tengu reavers
  8 fire giants
  A demonspawn warmonger (Pan)
  9 balrugs
  A revenant (Crypt:3)
  6 draconian shifters
  Aizul (Vaults:1)
  13 vault wardens
  8 deep elf sorcerers
  A spectral caustic shrike (Tar:3)
  2 iron dragons
  7 draconian scorchers
  An angel (Abyss:1)
  6 frost giants
  5 cacodemons
  3 deep elf elementalists (Elf:3)
  7 ghouls
  14 draconian annihilators
  2 draconian stormcallers
  A curse skull (Crypt:3)
  14 ironbound preservers
  A demonspawn blood saint (Pan)
  A demonspawn corrupter (Pan)
  11 reapers
  5 vampire knights
  20 very ugly things
  4 ironbound thunderhulks
  7 war gargoyles
  20 stone giants
  An ophan (Abyss:2)
  A juggernaut skeleton (Crypt:1)
  5 deep elf demonologists
  11 lorocyprocas
  6 demonspawn black suns (Pan)
  2 minotaurs
  10 green draconians
  11 red draconians
  6 black draconians
  5 putrid mouths
  2 entropy weavers (Vaults:2)
  A spectral titan (Tar:2)
  14 yellow draconians
  2 eleionomae (Shoals:1)
  15 purple draconians
  9 deep elf death magi
  9 white draconians
  21 dire elephants
  Azrael (D:14)
  8 deep elf annihilators
  The ghost of ToffieWolf the Severer, a journeyman MiBe of Trog (Orc:2)
  7 ettins
  4 merfolk impalers
  8 blizzard demons
  6 eidola
  A green death (Abyss:1)
  5 crystal guardians
  2 fire dragons
  5 deep elf high priests
  19 jiangshi
  2 merfolk javelineers
  Josephine (Lair:4)
  2 mummy priests (Depths:2)
  6 rakshasas
  7 salamander tyrants
  22 vault guards (Vaults:5)
  4 hell beasts
  Harold (Lair:1)
  13 great orbs of eyes
  10 hydras
  17 yaktaur captains
  4 merfolk avatars
  5 ogre magi
  5 peacekeepers
  3 boulder beetles
  3 ice dragons
  2 catoblepae
  10 centaur warriors
  A spriggan air mage (Depths:1)
  An alligator snapping turtle (Shoals:3)
  7 ironbound frosthearts
  13 anacondas
  18 naga warriors
  28 dancing weapons
  A merfolk aquamancer (Shoals:3)
  7 deep troll shamans
  6 death knights
  9 two-headed ogres
  16 satyrs
  5 tengu warriors
  6 death yaks (Lair:5)
  4 hell hogs
  7 deep troll earth magi
  A spectral dire elephant (Tar:2)
  4 vampire magi
  9 thrashing horrors (Abyss:1)
  15 soul eaters
  12 naga sharpshooters
  2 spriggan berserkers (Depths:2)
  A spectral naga (Tar:2)
  42 sun demons
  8 shock serpents
  18 deep elf knights
  A spectral bunyip (Tar:2)
  17 wretched stars
  11 sixfirhies
  Amaemon (Lair:3)
  8 hell knights
  9 salamander mystics
  6 shadow wraiths
  5 iron trolls
  38 skeletal warriors
  14 sea snakes
  A deep troll (shapeshifter) (Vaults:1)
  A shadow demon (Pan)
  2 orange crystal statues
  A spectral anaconda (Tar:2)
  2 anaconda zombies (Crypt:2)
  2 naga ritualists
  61 deep trolls
  10 deep elf archers
  13 wizards
  7 glowing orange brains
  A bunyip zombie (Abyss:1)
  5 flayed ghosts
  21 phantasmal warriors
  A spriggan simulacrum (Crypt:2)
  A harpy (shapeshifter) (Elf:2)
  A bog body (Crypt:1)
  5 lindwurms
  15 deep elf pyromancers
  6 necromancers
  2 orc knights
  A stone giant zombie (Abyss:1)
  26 deep elf zephyrmancers
  A mana viper (shapeshifter) (Vaults:5)
  19 ironbound convokers
  25 fauns
  10 mana vipers
  4 cyclopes
  An oklob plant (Lair:3)
  29 harpies
  37 ugly things
  10 orc sorcerers
  18 manticores
  5 worldbinders (Abyss:1)
  20 salamanders
  23 moths of wrath
  An iron dragon zombie (Crypt:3)
  A fire giant zombie (Crypt:1)
  A spectral centaur (Tar:2)
  25 elephants
  5 toenail golems (Volcano)
  4 merfolk sirens
  28 black mambas
  6 eyes of devastation (WizLab)
  14 naga magi
  18 vault sentinels
  An eleionoma skeleton (Crypt:1)
  An elephant slug zombie (Crypt:2)
  A torpor snail (Lair:5)
  11 centaur zombies
  12 water nymphs
  4 molten gargoyles (Hell)
  2 gargoyles
  8 guardian serpents
  7 rust devils
  3 apocalypse crabs (Abyss:1)
  30 smoke demons
  9 cane toads
  17 hellions (Pan)
  A rime drake (shapeshifter) (Elf:2)
  5 orange demons
  8 unseen horrors
  A dire elephant skeleton (Crypt:2)
  9 demonic crawlers (Pan)
  3 efreet
  A purple draconian zombie (Crypt:2)
  31 yaktaurs
  7 komodo dragons
  A bunyip simulacrum (Crypt:3)
  7 rime drakes
  4 ice devils
  9 tormentors
  13 hellwings
  7 ancient zymes
  8 freezing wraiths
  10 trolls
  A merfolk (shapeshifter) (Vaults:4)
  2 wind drakes
  A silent spectre (Tar:2)
  2 red devils (Hell)
  3 hornets
  11 polar bears (Lair:5)
  A spectral harpy (Tar:1)
  A harpy skeleton (Abyss:1)
  32 merfolk
  16 blink frogs
  10 snapping turtles
  A tarantella (shapeshifter) (Abyss:1)
  45 slime creatures
  9 dream sheep
  A dream sheep (shapeshifter) (Vaults:5)
  A draconian simulacrum (Crypt:3)
  33 large abominations
  38 raiju
  A jumping spider (Vaults:2)
  3 meliai zombies (D:11)
  51 flying skulls
  3 air elementals
  38 yaks
  A spriggan (Depths:2)
  12 water elementals
  4 fire bats (Pan)
  11 shadows
  A dire elephant simulacrum (Crypt:3)
  A culicivora (Vaults:2)
  8 vampires
  20 wraiths
  A basilisk (shapeshifter) (D:14)
  22 ynoxinuls
  A golden eye (shapeshifter) (D:14)
  2 golden eyes (WizLab)
  3 hogs (Lair:4)
  2 wyverns
  7 basilisks
  11 fire elementals
  16 chaos spawn
  7 humans (Zot:1)
  Grum (Lair:1)
  3 redbacks (Vaults:2)
  2 steam dragons
  3 death yak simulacra (IceCv)
  21 neqoxecs
  12 vampire mosquitoes
  46 nagas
  9 wargs
  A harpy simulacrum (IceCv)
  A cane toad zombie (Crypt:2)
  A floating eye (shapeshifter) (Vaults:5)
  21 water moccasins
  18 orc warriors
  18 hell hounds
  3 sky beasts (D:7)
  3 ice beasts
  14 black bears
  9 ogres
  43 starcursed masses
  23 wolves
  3 phantoms
  A dream sheep skeleton (Crypt:1)
  11 centaurs
  4 kobold brigands
  12 bullfrogs
  A gnoll sergeant (D:9)
  6 necrophages
  7 scorpions
  4 earth elementals
  A wight (Abyss:2)
  A water moccasin skeleton (Crypt:2)
  16 killer bees
  3 elephant simulacra (IceCv)
  16 jellies
  9 electric eels
  2 howler monkeys
  A lava snake (D:10)
  8 quasits
  5 hounds
  38 small abominations
  3 gnoll boudas
  11 orc priests
  4 iron imps
  Jessica (D:2)
  5 iguanas
  A basilisk skeleton (Crypt:1)
  44 orc wizards
  A boggart zombie (D:11)
  20 hell rats
  A troll simulacrum (IceCv)
  2 polar bear simulacra (IceCv)
  A wolf simulacrum (IceCv)
  An ogre zombie (Crypt:1)
  An acid dragon skeleton (Crypt:2)
  A boggart simulacrum (D:14)
  2 hound skeletons
  2 howler monkey zombies (D:11)
  A steam dragon zombie (Crypt:1)
  8 adders
  2 naga simulacra (IceCv)
  A swamp drake zombie (Crypt:1)
  24 gnolls
  A shadow imp (D:8)
  10 white imps
  5 ufetubi
  An iguana zombie (Crypt:2)
  A worm (D:5)
  4 dart slugs (D:3)
  81 orcs
  8 ball pythons
  5 endoplasms
  A giant cockroach (D:2)
  4 hobgoblins
  10 jackals
  4 quokkas
  7 bats
  6 frilled lizards
  8 goblins
  27 kobolds
  7 rats
  A spectral hobgoblin (D:4)
  A ball lightning (Pan)
  2 butterflies (Lair:2)
  3 lurking horrors (Abyss:1)
  22 starspawn tentacles
2995 creatures vanquished.

Vanquished Creatures (collateral kills)
  Mara (Vaults:2)
  2 orbs of fire
  A royal mummy (Depths:2)
  A fire giant (shapeshifter) (Depths:2)
  A ghost moth (Zot:5)
  4 reapers (Hell)
  An angel (Depths:3)
  2 stone giants
  2 blizzard demons (Hell)
  A green death (Abyss:2)
  2 great orbs of eyes (Vaults:2)
  A vault guard (Vaults:5)
  A peacekeeper (Vaults:4)
  An ironbound frostheart (Vaults:4)
  2 hell knights (Hell)
  A soul eater (Abyss:2)
  A sun demon (Hell)
  A sea snake (Shoals:4)
  2 starcursed masses (Abyss:2)
  A manticore (Shoals:4)
  A moth of wrath (Zot:5)
  3 rust devils (Hell)
  2 vault sentinels (Vaults:2)
  A molten gargoyle (Hell)
  A vampire (D:8)
  A ynoxinul (Pan)
  A neqoxec (Abyss:2)
  A small abomination (Abyss:2)
  An orc warrior (Vaults:4)
  A hell rat (Hell)
42 creatures vanquished.

Vanquished Creatures (others)
  Margery (Vaults:5)
  Asterion (Vaults:2)
  A fire giant (Depths:4)
  An ironbound preserver (Vaults:1)
  A black draconian (Depths:4)
  A deep elf annihilator (Elf:3)
  A vault guard (Vaults:5)
  2 soul eaters (Pan)
  A salamander mystic (Snake:4)
  A deep elf zephyrmancer (Elf:2)
  A mana viper (Snake:4)
  A faun (Shoals:4)
  2 manticores
  A smoke demon (Pan)
  A wind drake (shapeshifter) (Vaults:5)
  A snapping turtle (Shoals:4)
  A shadow (D:7)
  A spriggan (Depths:3)
  A fire elemental (Elf:3)
  A chaos spawn (Pan)
  A naga (Snake:3)
  A wolf (Lair:5)
  A small abomination (Abyss:2)
  A hell rat (Hell)
  3 orcs
  A quokka (D:7)
  21 ball lightnings (Pan)
  A bush (Lair:5)
  10 demonic plants
  45 fungi
  213 plants
  46 starspawn tentacles
  12 withered plants (D:11)
378 creatures vanquished.

Grand Total: 3415 creatures vanquished

Notes
Turn   | Place    | Note
-------+----------+-------------------------------------------
     0 | D:1      | Pim the Human Ice Elementalist began the quest for the Orb.
     0 | D:1      | Reached XP level 1. HP: 13/13 MP: 3/3
   216 | D:1      | Reached XP level 2. HP: 20/20 MP: 3/5
   470 | D:1      | Reached skill level 1 in Fighting
   571 | D:1      | Reached XP level 3. HP: 26/26 MP: 4/6
  1157 | D:1      | Learned a level 3 spell: Frozen Ramparts
  1312 | D:2      | Noticed Jessica
  1366 | D:2      | Killed Jessica
  1367 | D:2      | Reached skill level 1 in Long Blades
  1367 | D:2      | Reached XP level 4. HP: 33/33 MP: 1/7
  1813 | D:2      | Identified the +5 ring mail of the Fletcher {rElec rF+ rN+
                  | Stlth-}
  1838 | D:2      | Learned a level 3 spell: Ozocubu's Armour
  1937 | D:2      | Reached skill level 2 in Fighting
  1999 | D:2      | Found Ajiluag's Armour Shop.
  2232 | D:2      | Reached XP level 5. HP: 31/38 MP: 2/8
  2602 | D:3      | Reached XP level 6. HP: 43/46 MP: 0/9
  2916 | D:3      | Found a shimmering blue altar of Sif Muna.
  3507 | D:4      | Reached skill level 5 in Ice Magic
  3610 | D:4      | Noticed an ogre
  3628 | D:4      | Killed an ogre
  3629 | D:4      | Reached skill level 3 in Fighting
  3629 | D:4      | Reached XP level 7. HP: 46/52 MP: 1/11
  4028 | D:4      | Found a sparkling altar of Nemelex Xobeh.
  4410 | D:4      | Reached skill level 4 in Fighting
  4410 | D:4      | Reached XP level 8. HP: 54/60 MP: 5/12
  4656 | D:4      | Found a hazy altar of Hepliaklqana.
  4831 | D:5      | Entered Level 5 of the Dungeon
  5284 | D:5      | Found a staircase to the Ecumenical Temple.
  5362 | D:5      | Found a hide-covered altar of Uskayaw.
  5362 | D:5      | Found a snail-covered altar of Cheibriados.
  5420 | D:5      | Noticed a two-headed ogre
  5428 | D:5      | Killed a two-headed ogre
  5429 | D:5      | Reached skill level 5 in Fighting
  5429 | D:5      | Reached skill level 5 in Long Blades
  5429 | D:5      | Reached XP level 9. HP: 45/68 MP: 3/14
  5779 | D:5      | Noticed Arum's ghost (amateur DsGl)
  5928 | D:5      | Found a burning altar of Makhleb.
  6119 | D:5      | Found a transporter.
  6119 | D:5      | Found a transporter.
  6720 | Temple   | Entered the Ecumenical Temple
  6812 | Temple   | Became a worshipper of the Shining One
  7220 | D:6      | Noticed a two-headed ogre
  7228 | D:6      | Killed a two-headed ogre
  7229 | D:6      | Reached skill level 6 in Fighting
  7782 | D:6      | Reached XP level 10. HP: 77/77 MP: 13/16
  7803 | D:6      | Reached skill level 5 in Dodging
  8188 | D:6      | Found a bloodstained altar of Trog.
  8189 | D:6      | Found a radiant altar of Vehumet.
  8196 | D:6      | Reached skill level 7 in Fighting
  8893 | D:7      | Noticed a green ugly thing
  8893 | D:7      | Noticed a purple ugly thing
  8893 | D:7      | Noticed a two-headed ogre
  9005 | D:7      | Identified the ring of Sif Muna's Generosity {rElec Str+2
                  | Int+4 Dex+6}
  9176 | D:7      | Killed a green ugly thing
  9177 | D:7      | Reached skill level 8 in Fighting
  9177 | D:7      | Reached XP level 11. HP: 41/86 MP: 3/17
  9591 | D:7      | Noticed an eight-headed hydra
  9601 | D:7      | Killed an eight-headed hydra
  9740 | D:7      | Identified the +2 cloak of Disaster {rPois rF+ Str+3}
  9846 | D:7      | Noticed a brown ugly thing
  9856 | D:7      | Killed a brown ugly thing
  9875 | D:7      | Killed a brown ugly thing
 10160 | D:7      | Found a white marble altar of Elyvilon.
 10347 | D:8      | Found a blossoming altar of Fedhas.
 10530 | D:8      | Reached skill level 9 in Fighting
 11040 | D:8      | Found an ornate altar of the Wu Jian Council.
 11117 | D:8      | Found a broken altar of Ashenzari.
 11182 | D:8      | Reached * piety under the Shining One
 11822 | D:9      | Reached skill level 1 in Invocations
 11900 | D:9      | Found a stormy altar of Qazlal.
 11964 | D:9      | Reached skill level 1 in Throwing
 11964 | D:9      | Reached skill level 1 in Armour
 12004 | D:9      | Noticed a boulder beetle
 12008 | D:9      | Reached skill level 10 in Ice Magic
 12133 | D:9      | Noticed a manticore
 12142 | D:9      | Killed a manticore
 12245 | D:9      | Noticed a two-headed ogre
 12253 | D:9      | Killed a two-headed ogre
 12411 | D:9      | Killed a boulder beetle
 12472 | D:9      | Reached XP level 12. HP: 87/96 MP: 12/18
 13389 | D:10     | Entered Level 10 of the Dungeon
 13583 | D:10     | Reached skill level 1 in Shields
 13656 | D:10     | Reached skill level 10 in Fighting
 14179 | D:10     | Reached skill level 10 in Long Blades
 14294 | D:10     | Found a staircase to the Lair.
 15445 | D:11     | Reached ** piety under the Shining One
 15681 | D:11     | Reached XP level 13. HP: 105/105 MP: 19/19
 15713 | D:11     | Reached *** piety under the Shining One
 15750 | D:11     | Reached skill level 11 in Fighting
 16006 | D:11     | Reached **** piety under the Shining One
 16339 | D:11     | Found a staircase to the Orcish Mines.
 16400 | D:11     | Reached skill level 5 in Armour
 16607 | D:12     | Found a frozen archway.
 16996 | IceCv    | Entered an ice cave
 17314 | IceCv    | Reached ***** piety under the Shining One
 17629 | D:12     | Identified the +5 plate armour of the Heavens {Fly rN+}
 17755 | Orc:1    | Entered Level 1 of the Orcish Mines
 17777 | Orc:2    | Entered Level 2 of the Orcish Mines
 17780 | Orc:1    | Found a dark tunnel.
 17831 | Volcano  | Entered a volcano
 18220 | Volcano  | Reached skill level 12 in Fighting
 18231 | Volcano  | Reached skill level 5 in Invocations
 18241 | Volcano  | Reached skill level 5 in Shields
 18241 | Volcano  | Reached XP level 14. HP: 92/115 MP: 9/20
 18775 | Orc:2    | Found Anynatue's Antique Armour Boutique.
 19410 | Orc:2    | Found a runed translucent gate.
 19410 | Orc:2    | Found a runed translucent gate.
 19410 | Orc:2    | Found a runed translucent gate.
 19412 | Orc:2    | Noticed ToffieWolf's ghost (journeyman MiBe)
 19419 | Orc:2    | Noticed a minotaur
 19458 | Orc:2    | Found Niquklox's CLEARANCE SALE!.
 19466 | Orc:2    | Bought a potion of heal wounds for 25 gold pieces
 19588 | Orc:2    | Found a staircase to the Elven Halls.
 19713 | Orc:2    | Found an ancient bone altar of Kikubaaqudgha.
 19719 | Orc:2    | Paralysed by an orc sorcerer for 2 turns
 19735 | Orc:2    | Found Fiucim Huta's Antique Weapon Shop.
 19770 | Orc:2    | Paralysed by an ogre mage for 5 turns
 19785 | Orc:2    | Found a radiant altar of Vehumet.
 19868 | Orc:2    | Found Tuk Omys's Antique Armour Boutique.
 19946 | Orc:2    | Found Lakuihoah's Book Boutique.
 20059 | Orc:2    | Found Qaag's Magic Scroll Boutique.
 20071 | Orc:2    | Bought a scroll of teleportation for 42 gold pieces
 20071 | Orc:2    | Bought a scroll of immolation for 56 gold pieces
 20071 | Orc:2    | Bought a scroll of fog for 56 gold pieces
 20347 | Lair:1   | Entered Level 1 of the Lair of Beasts
 20540 | Lair:1   | Noticed Grum
 20563 | Lair:1   | Killed Grum
 20743 | Lair:1   | Noticed Harold
 20756 | Lair:1   | Killed Harold
 21433 | Lair:1   | Noticed Gastronok
 21447 | Lair:1   | Killed Gastronok
 21710 | Lair:2   | Reached skill level 13 in Fighting
 21814 | Lair:2   | Learned a level 4 spell: Hailstorm
 21934 | Lair:2   | Found a stormy altar of Qazlal.
 21986 | Lair:2   | Found a staircase to the Shoals.
 23674 | Lair:3   | Noticed Amaemon
 23688 | Lair:3   | Killed Amaemon
 23689 | Lair:3   | Reached XP level 15. HP: 104/123 MP: 16/21
 24539 | Lair:3   | Found a staircase to the Snake Pit.
 25642 | Lair:4   | Found a burning altar of Makhleb.
 25675 | Lair:4   | Reached skill level 1 in Conjurations
 25723 | Lair:4   | You fall into a shaft and drop 1 floor!
 25723 | Lair:5   | Entered Level 5 of the Lair of Beasts
 25734 | Lair:5   | Noticed Kirke
 25936 | Lair:4   | Killed Kirke
 26002 | Lair:5   | Reached skill level 10 in Dodging
 26716 | Lair:5   | Reached skill level 14 in Fighting
 27003 | Lair:5   | Found a staircase to the Slime Pits.
 27344 | Lair:5   | Reached ****** piety under the Shining One
 27347 | Lair:5   | Reached XP level 16. HP: 133/133 MP: 12/22
 27920 | Lair:4   | Noticed Josephine
 27935 | Lair:4   | Killed Josephine
 29453 | D:13     | Found a gate to the Vaults.
 29547 | D:13     | Noticed Rupert
 29558 | D:13     | Killed Rupert
 30571 | D:14     | Reached skill level 15 in Fighting
 30640 | D:14     | Found Qasaqaosm's General Store.
 30644 | D:14     | Found Vakis's Specific Store.
 30650 | D:14     | Bought a potion of might for 52 gold pieces
 30658 | D:14     | Bought a potion of mutation for 88 gold pieces
 30718 | D:14     | Reached skill level 15 in Long Blades
 31375 | D:14     | Noticed Azrael
 31395 | D:14     | Killed Azrael
 31757 | D:15     | Entered Level 15 of the Dungeon
 32246 | D:14     | Reached XP level 17. HP: 131/142 MP: 14/24
 32609 | D:15     | Found a staircase to the Depths.
 33365 | Snake:1  | Entered Level 1 of the Snake Pit
 33431 | Snake:1  | Found a flickering gateway to a bazaar.
 33436 | Bazaar   | Entered a bazaar
 33437 | Bazaar   | Found Zopneo's Assorted Antiques.
 33437 | Bazaar   | Found Budghemua's Magic Scroll Boutique.
 33438 | Bazaar   | Found Guoqe's Antique Armour Emporium.
 33502 | Bazaar   | Found Borycilo's Antique Weapon Emporium.
 33521 | Bazaar   | Bought a scroll of teleportation for 48 gold pieces
 33521 | Bazaar   | Bought a scroll of teleportation for 48 gold pieces
 33574 | Snake:1  | Reached skill level 10 in Invocations
 33929 | Snake:1  | Found a hazy altar of Hepliaklqana.
 34035 | Snake:1  | Noticed Roxanne
 34659 | Snake:2  | Found a radiant altar of Vehumet.
 35734 | Snake:2  | Reached skill level 5 in Conjurations
 36193 | Snake:3  | Noticed Agnes
 36202 | Snake:2  | Killed Agnes
 36203 | Snake:2  | Reached skill level 16 in Fighting
 36375 | Snake:3  | Found Ywuo's Book Shop.
 36424 | Snake:3  | Reached XP level 18. HP: 84/151 MP: 6/25
 36636 | Snake:3  | Found Jikoe's Jewellery Shoppe.
 36637 | Snake:3  | Found Sittenye's Book Shop.
 37050 | Snake:3  | Noticed Bai Suzhen
 37110 | Snake:2  | Killed Bai Suzhen
 37864 | Snake:3  | Reached skill level 5 in Spellcasting
 38299 | Snake:4  | Entered Level 4 of the Snake Pit
 38531 | Snake:4  | Identified the +4 scale mail of the Skies Above {Harm Will+
                  | Str+9 Int-3}
 40333 | Snake:4  | Noticed Vashnia
 40674 | Snake:4  | Killed Vashnia
 41572 | Snake:4  | Reached XP level 19. HP: 147/159 MP: 16/28
 41580 | Snake:4  | Reached skill level 17 in Fighting
 41680 | Snake:4  | Got a serpentine rune of Zot
 42082 | Depths:1 | Entered Level 1 of the Depths
 42568 | Depths:1 | Found Ecefatt's Assorted Antiques.
 42577 | Depths:1 | Found a one-way gateway to a ziggurat.
 42906 | Depths:1 | Found a gateway to Hell.
 42908 | Depths:1 | Noticed a walking crystal tome
 42908 | Depths:1 | Noticed a walking earthen tome
 43493 | Depths:1 | Found a one-way gate leading to the halls of Pandemonium.
 44103 | Depths:2 | Reached skill level 10 in Shields
 45796 | Depths:2 | Noticed a royal mummy
 45805 | Depths:2 | Killed a royal mummy
 46121 | Depths:2 | Noticed a royal mummy
 46139 | Depths:2 | Killed a royal mummy
 46204 | Depths:2 | Noticed a royal mummy
 46504 | Depths:2 | Killed a royal mummy
 46518 | Depths:2 | Reached skill level 18 in Fighting
 47436 | Depths:2 | Found the +7 sceptre of Torment {pain, torment}
 48119 | Depths:2 | Reached XP level 20. HP: 149/170 MP: 24/30
 49994 | Depths:3 | Found a one-way gate to the infinite horrors of the Abyss.
 50380 | Depths:3 | Found a glowing golden altar of the Shining One.
 51183 | Depths:4 | Entered Level 4 of the Depths
 51737 | Depths:4 | Found Repoomadd's General Store.
 51746 | Depths:4 | Paralysed by a sphinx for 2 turns
 52156 | Depths:4 | Reached skill level 19 in Fighting
 52200 | Depths:4 | Reached skill level 10 in Armour
 53852 | Depths:4 | Noticed a bone dragon
 53879 | Depths:4 | Killed a bone dragon
 54387 | Depths:4 | Found a gate to the Realm of Zot.
 55188 | Vaults:1 | Entered Level 1 of the Vaults
 55366 | Vaults:1 | Paralysed by a great orb of eyes for 3 turns
 55412 | Vaults:1 | Reached XP level 21. HP: 182/182 MP: 23/31
 55649 | Vaults:1 | Noticed Aizul
 55677 | Vaults:1 | Killed Aizul
 56016 | Vaults:1 | Identified the ring of the Conjuring Gods {Int+3 SInv}
 56200 | Vaults:1 | Reached skill level 20 in Fighting
 57869 | Vaults:2 | Identified a scroll of acquirement
 59089 | Vaults:2 | Noticed Asterion
 59096 | Vaults:2 | Killed Asterion
 59098 | Vaults:2 | Noticed Mara
 59105 | Vaults:2 | Noticed Pim's illusion
 59594 | Vaults:2 | Killed Mara
 59677 | Vaults:2 | Paralysed by a great orb of eyes for 4 turns
 59694 | Vaults:2 | Identified a +2 eudemon blade of holy wrath (a +0 demon
                  | blade of venom blessed by the Shining One)
 59694 | Vaults:2 | Received a gift from the Shining One
 60059 | Orc:2    | Bought a scroll of enchant weapon for 105 gold pieces
 60127 | Orc:2    | Killed ToffieWolf's ghost
 60134 | Orc:2    | Reached XP level 22. HP: 175/192 MP: 27/34
 60636 | Shoals:1 | Entered Level 1 of the Shoals
 61007 | Shoals:1 | You fall into a shaft and drop 1 floor!
 62524 | Shoals:1 | Reached skill level 1 in Transmutations
 64129 | Shoals:3 | Noticed Donald
 64153 | Shoals:3 | Killed Donald
 64174 | Shoals:3 | Reached skill level 21 in Fighting
 65017 | Shoals:4 | Entered Level 4 of the Shoals
 65486 | Shoals:4 | Reached skill level 10 in Conjurations
 65711 | Shoals:4 | Paralysed by a sphinx for 3 turns
 66290 | Shoals:4 | Reached XP level 23. HP: 162/200 MP: 29/35
 66476 | Shoals:4 | Got a barnacled rune of Zot
 66529 | Shoals:4 | Found the +4 skin of Zhor {*Englaciate rC+++ SInv}
 67385 | Vaults:3 | Learned a level 5 spell: Freezing Cloud
 67685 | Snake:3  | Bought the Encyclopedia of Ruinous Terra Firma for 624 gold
                  | pieces
 67691 | Snake:3  | Learned a level 5 spell: Irradiate
 69463 | Vaults:3 | Found a staircase to the Crypt.
 70463 | Vaults:3 | Learned a level 2 spell: Wereblood
 70684 | Vaults:3 | Reached skill level 5 in Transmutations
 71322 | Vaults:4 | Noticed Saint Roka
 71355 | Vaults:4 | Killed Saint Roka
 71448 | Vaults:4 | Found Dotreamo's General Store.
 71461 | Vaults:4 | Noticed an ancient lich
 71941 | Vaults:4 | Reached XP level 24. HP: 210/210 MP: 36/36
 71979 | Vaults:4 | Killed an ancient lich
 72460 | Vaults:4 | Found Sigger's Weapon Shop.
 72495 | Vaults:4 | Found Xaiwach's Armour Shop.
 72801 | Hell     | Entered the Vestibule of Hell
 72801 | Hell     | Noticed Geryon
 72804 | Hell     | Noticed Murray
 72826 | Hell     | Killed Geryon
 72890 | Hell     | Killed Murray
 73396 | Depths:1 | Reached skill level 22 in Fighting
 73647 | Hell     | Reached skill level 10 in Spellcasting
 73781 | Hell     | Found a gateway to the freezing wastes of Cocytus.
 73832 | Hell     | Found a gateway to the Iron City of Dis.
 73929 | Hell     | Found a gateway to the decaying netherworld of Tartarus.
 73972 | Hell     | Found a gateway to the ashen valley of Gehenna.
 74019 | Geh:1    | Entered Level 1 of Gehenna
 74396 | Elf:1    | Entered Level 1 of the Elven Halls
 74696 | Elf:1    | You fall into a shaft and drop 1 floor!
 75002 | Elf:1    | Found a shimmering blue altar of Sif Muna.
 75398 | Elf:2    | Got the Handbook of Arcane Weapons
 75703 | Elf:2    | Found Kirighih's Magic Scroll Shop.
 75708 | Elf:2    | Bought a scroll of teleportation for 45 gold pieces
 75708 | Elf:2    | Bought a scroll of fog for 60 gold pieces
 75917 | Elf:2    | Found a runed translucent gate.
 75917 | Elf:2    | Found a runed translucent gate.
 75917 | Elf:2    | Found a runed translucent gate.
 76131 | Elf:2    | Reached XP level 25. HP: 210/218 MP: 31/37
 76231 | Elf:2    | Reached skill level 15 in Invocations
 76587 | Elf:3    | Entered Level 3 of the Elven Halls
 76655 | Elf:3    | Found a magical portal.
 76678 | WizLab   | Entered Lehudib's Moon Base
 76950 | WizLab   | Found a transporter.
 77945 | WizLab   | Paralysed by accursed screaming for 1 turns
 78497 | WizLab   | Paralysed by accursed screaming for 1 turns
 78726 | WizLab   | Found a transporter.
 78844 | WizLab   | Gained mutation: Your magical capacity is low. (-10% MP) [a
                  | neqoxec]
 79298 | WizLab   | Identified the +2 pair of boots "Punew" {rElec Regen+ Str+4
                  | Dex+2}
 79555 | WizLab   | Identified the +4 pair of boots of the Lute {Dex+5}
 80626 | Elf:3    | Reached skill level 15 in Dodging
 80680 | Elf:3    | Paralysed by an air elemental for 1 turns
 80685 | Elf:3    | Reached skill level 23 in Fighting
 80690 | Elf:3    | Identified the +12 spear of Pomepreh {vorpal, *Noise rElec
                  | rF+ Dex+2}
 80716 | Elf:3    | Identified the +6 war axe of Jeohah {flame, rC+ Str+3}
 80752 | Elf:3    | Identified the +8 morningstar of Classification {vamp,
                  | Str+3}
 80855 | Elf:3    | Identified the ring "Gomiloonu" {rF+ rC+ Str+2 Dex-5}
 80875 | Elf:3    | Identified the ring of the Enemy {Ice Fly Str+2 Dex+6
                  | Stlth-}
 80907 | Elf:3    | Identified the ring "Fiyteg" {Fly rElec Str+3}
 81009 | Elf:3    | Identified the +1 falchion of Hofics Fyne {holy, rCorr
                  | Dex+4}
 81010 | Elf:3    | Identified the +0 leather armour of Rufruf {+Blink Str+2}
 81033 | Elf:3    | Got Ysmam's Compilation of the Dragonfly
 81074 | Elf:3    | Identified the +9 sling "Roeqisk" {freeze, rF- rC+ Int+5
                  | SInv}
 81082 | Elf:3    | Identified the amulet of the Kraken {Acrobat Harm rElec
                  | rPois Int+6}
 81426 | Snake:3  | Bought an Inescapable Atlas for 442 gold pieces
 81429 | Snake:3  | Learned a level 2 spell: Blink
 81795 | Crypt:1  | Entered Level 1 of the Crypt
 81903 | Crypt:1  | Reached skill level 1 in Translocations
 81909 | Crypt:1  | Reached XP level 26. HP: 229/229 MP: 33/33
 82609 | Crypt:2  | Noticed Xtahua
 82618 | Crypt:2  | Killed Xtahua
 83652 | Crypt:3  | Entered Level 3 of the Crypt
 83866 | Crypt:3  | Found an ancient bone altar of Kikubaaqudgha.
 84445 | Crypt:3  | Found a staircase to the Tomb.
 85305 | Vaults:5 | Entered Level 5 of the Vaults
 85326 | Vaults:5 | Reached skill level 24 in Fighting
 85328 | Vaults:5 | Noticed an ancient lich
 85330 | Vaults:5 | Reached skill level 5 in Throwing
 85332 | Vaults:5 | Reached XP level 27. HP: 238/238 MP: 13/34
 85341 | Vaults:5 | Identified the +8 war axe of Callousness {antimagic, rF+
                  | Str+5 Int-5}
 85343 | Vaults:5 | Killed an ancient lich
 85597 | Vaults:5 | Noticed Margery
 85653 | Vaults:5 | Killed Margery
 85687 | Vaults:5 | Identified the +7 morningstar of Ignis's Esteem {drain,
                  | Drain rN+ Str+6 SInv}
 85687 | Vaults:5 | Identified the ring "Arotzo" {Will+ Str+2 Dex+6 Stlth+}
 85770 | Vaults:5 | Reached skill level 15 in Shields
 85945 | Vaults:5 | Identified the +2 short sword of Recklessness {chaos, rC+
                  | MP-9 Stlth+}
 85947 | Vaults:5 | Got a silver rune of Zot
 86204 | Vaults:5 | Identified the +2 quarterstaff of Jemabewk {vorpal, rPois}
 86608 | Vaults:5 | Reached skill level 15 in Armour
 87293 | Vaults:4 | Bought a potion of mutation for 136 gold pieces
 87644 | Depths:3 | Learned a level 7 spell: Ozocubu's Refrigeration
 88552 | Depths:3 | Voluntarily entered the Abyss.
 89419 | Abyss:1  | Gained mutation: You occasionally lose the ability to drink
                  | potions when taking damage. [a neqoxec]
 89790 | Abyss:1  | Found a hide-covered altar of Uskayaw.
 90151 | Abyss:1  | Found a hide-covered altar of Uskayaw.
 90163 | Abyss:1  | Reached skill level 25 in Fighting
 90236 | Abyss:1  | Gained mutation: You are very frail. (-20% HP) [a neqoxec]
 91306 | Abyss:1  | Found a corrupted altar of Lugonu.
 91865 | Abyss:2  | Paralysed by accursed screaming for 1 turns
 91897 | Depths:3 | Escaped the Abyss
 92275 | Zot:1    | Entered Level 1 of the Realm of Zot
 92609 | Zot:1    | Noticed a Killer Klown
 92619 | Zot:1    | Killed a Killer Klown
 93565 | Zot:1    | Noticed Vv
 93594 | Zot:1    | Killed Vv
 95486 | Zot:2    | You fall into a shaft and drop 2 floors!
 95576 | Zot:3    | Reached skill level 10 in Throwing
 96482 | Zot:2    | Identified the +0 ring mail "Qetetz" {Regen+ MP-9 Str+4
                  | SInv}
 97735 | Zot:3    | Reached skill level 15 in Ice Magic
 98683 | Zot:4    | Noticed an orb of fire
 98687 | Zot:4    | Gained mutation: You are clumsy. (Dex -2) [an orb of fire]
 98691 | Zot:4    | Gained mutation: You sometimes lose the ability to drink
                  | potions when taking damage. [an orb of fire]
 98700 | Zot:4    | Killed an orb of fire
 99165 | Zot:5    | Entered Level 5 of the Realm of Zot
 99536 | Zot:5    | Paralysed by a Zot trap for 4 turns
 99729 | Zot:5    | Noticed a dread lich
 99729 | Zot:5    | Noticed a dread lich
 99729 | Zot:5    | Noticed an ancient lich
 99738 | Zot:5    | Noticed a Killer Klown
 99742 | Zot:5    | Noticed an orb of fire
 99742 | Zot:5    | Noticed an orb of fire
 99742 | Zot:5    | Noticed an ancient lich
 99742 | Zot:5    | Noticed an ancient lich
 99742 | Zot:5    | Noticed an orb of fire
 99742 | Zot:5    | Noticed an ancient lich
 99742 | Zot:5    | Noticed an orb of fire
 99742 | Zot:5    | Noticed a Killer Klown
 99743 | Zot:5    | Gained mutation: Your magical capacity is very low. (-20%
                  | MP) [an orb of fire]
 99748 | Zot:5    | Gained mutation: You sometimes lose your temper in combat.
                  | [an orb of fire]
 99749 | Zot:5    | Gained mutation: Your magical capacity is extremely low.
                  | (-30% MP) [an orb of fire]
 99750 | Zot:5    | Gained mutation: Potions are less effective at restoring
                  | your health. [an orb of fire]
 99890 | Zot:4    | Lost mutation: You are frail. (-10% HP) [potion of
                  | mutation]
 99890 | Zot:4    | Lost mutation: You sometimes lose the ability to drink
                  | potions when taking damage. [potion of mutation]
 99890 | Zot:4    | Lost mutation: Your magical capacity is extremely low.
                  | (-30% MP) [potion of mutation]
 99890 | Zot:4    | Lost mutation: Your magical capacity is very low. (-20% MP)
                  | [potion of mutation]
 99891 | Zot:4    | Lost mutation: Your magical capacity is low. (-10% MP)
                  | [potion of mutation]
 99891 | Zot:4    | Lost mutation: Potions are less effective at restoring your
                  | health. [potion of mutation]
 99891 | Zot:4    | Lost mutation: You are clumsy. (Dex -2) [potion of
                  | mutation]
 99891 | Zot:4    | Lost mutation: You occasionally lose the ability to drink
                  | potions when taking damage. [potion of mutation]
 99891 | Zot:4    | Gained mutation: Your mind is acute. (Int +4, Str/Dex -1)
                  | [potion of mutation]
100145 | Zot:5    | Noticed an orb of fire
100153 | Zot:5    | Gained mutation: Your spells are a little easier to cast,
                  | but a little less powerful. [an orb of fire]
100169 | Zot:5    | Killed an orb of fire
100354 | Zot:4    | Lost mutation: Your mind is acute. (Int +4, Str/Dex -1)
                  | [potion of mutation]
100354 | Zot:4    | Lost mutation: You sometimes lose your temper in combat.
                  | [potion of mutation]
100354 | Zot:4    | Lost mutation: Your spells are a little easier to cast, but
                  | a little less powerful. [potion of mutation]
100354 | Zot:4    | Gained mutation: You have hidden genetic potential. [potion
                  | of mutation]
100354 | Zot:4    | Gained mutation: Your muscles are strong. (Str +4, Int/Dex
                  | -1) [potion of mutation]
100437 | Zot:5    | Paralysed by a dread lich for 2 turns
100441 | Zot:5    | Killed a dread lich
100533 | Zot:5    | a Killer Klown changed into a fire giant
100535 | Zot:5    | Noticed an ancient lich
100541 | Zot:5    | Killed an ancient lich
100544 | Zot:5    | Killed an ancient lich
100548 | Zot:5    | Gained mutation: You are frail. (-10% HP) [an orb of fire]
100552 | Zot:5    | Killed an orb of fire
100561 | Zot:5    | Noticed an ancient lich
100562 | Zot:5    | Was placed under penance by the Shining One
100582 | Zot:5    | Killed an ancient lich
100959 | Tar:1    | Entered Level 1 of Tartarus
101797 | Tar:2    | Was forgiven by the Shining One
103172 | Pan      | Entered Pandemonium
103326 | Pan      | Noticed Rurept the pandemonium lord
104525 | Depths:2 | Escaped Pandemonium
104831 | Zot:5    | Gained mutation: You occasionally lose the ability to drink
                  | potions when taking damage. [an orb of fire]
104838 | Zot:5    | Killed an orb of fire
105378 | Zot:5    | Noticed an orb of fire
105382 | Zot:5    | Gained mutation: You sometimes lose the ability to drink
                  | potions when taking damage. [an orb of fire]
105401 | Zot:5    | Gained mutation: Your body sometimes deteriorates upon
                  | taking damage. [an orb of fire]
105409 | Zot:5    | Gained mutation: Your spells are a little easier to cast,
                  | but a little less powerful. [an orb of fire]
105410 | Zot:5    | Gained mutation: Your magical capacity is low. (-10% MP)
                  | [an orb of fire]
105568 | Zot:5    | Killed a dread lich
105569 | Zot:5    | Noticed an orb of fire
105573 | Zot:5    | Lost mutation: You are frail. (-10% HP) [an orb of fire]
105577 | Zot:5    | Gained mutation: You are partially covered in large bone
                  | plates. (SH +4) [hidden potential]
105582 | Zot:5    | Killed an orb of fire
105600 | Zot:5    | Killed an ancient lich
105604 | Zot:5    | Gained mutation: You are clumsy. (Dex -2) [an orb of fire]
105619 | Zot:5    | Gained mutation: Armour fits poorly on your strangely
                  | shaped body. [an orb of fire]
105620 | Zot:5    | Gained mutation: Potions are less effective at restoring
                  | your health. [an orb of fire]
106016 | Zot:5    | Killed an ancient lich
106207 | Zot:5    | Lost mutation: Your muscles are strong. (Str +4, Int/Dex
                  | -1) [an orb of fire]
106235 | Zot:5    | Gained mutation: You are occasionally teleported next to
                  | monsters. [an orb of fire]
106236 | Zot:5    | Gained mutation: Your body often deteriorates upon taking
                  | damage. [an orb of fire]
106243 | Zot:5    | Gained mutation: You are frail. (-10% HP) [an orb of fire]
106256 | Zot:5    | Killed an orb of fire
106428 | Zot:5    | Killed a Killer Klown
106429 | Zot:5    | Reached skill level 15 in Spellcasting
106495 | Zot:5    | Noticed a Killer Klown
106502 | Zot:5    | Lost mutation: You are partially covered in large bone
                  | plates. (SH +4) [an orb of fire]
106509 | Zot:5    | Gained mutation: You occasionally lose the ability to read
                  | scrolls when taking damage. [an orb of fire]
106511 | Zot:5    | Noticed a Killer Klown
106514 | Zot:5    | Killed an orb of fire
106525 | Zot:5    | Killed a Killer Klown
106659 | Zot:5    | Killed a Killer Klown
106772 | Zot:5    | Killed an ancient lich
107089 | Zot:5    | Lost mutation: Potions are less effective at restoring your
                  | health. [potion of mutation]
107089 | Zot:5    | Lost mutation: You are occasionally teleported next to
                  | monsters. [potion of mutation]
107089 | Zot:5    | Gained mutation: Your muscles are strong. (Str +4, Int/Dex
                  | -1) [potion of mutation]
107389 | D:15     | Lost mutation: You have hidden genetic potential. [potion
                  | of mutation]
107389 | D:15     | Lost mutation: Your spells are a little easier to cast, but
                  | a little less powerful. [potion of mutation]
107389 | D:15     | Lost mutation: Armour fits poorly on your strangely shaped
                  | body. [potion of mutation]
107389 | D:15     | Gained mutation: A frigid envelope surrounds you and
                  | freezes all who hurt you. [potion of mutation]
107389 | D:15     | Gained mutation: You are strong-willed. (Will+) [potion of
                  | mutation]
107969 | Depths:4 | Bought a scroll of acquirement for 676 gold pieces
107969 | Depths:4 | Acquired the ring "Osasual" {Fly rCorr Int+2 Slay+3 Stlth-}
108209 | D:10     | Acquired the amulet of Neiroom {RegenMP Contam Str+4
                  | Slay+4}
108319 | Orc:2    | Bought a scroll of fear for 56 gold pieces
108319 | Orc:2    | Bought a scroll of acquirement for 728 gold pieces
108319 | Orc:2    | Acquired the +8 tower shield of the Wasteland {rF+}
108675 | Pan      | Entered Pandemonium
108781 | Pan      | Gained mutation: You sometimes lose the ability to read
                  | scrolls when taking damage. [a cacodemon]
109032 | Pan      | Noticed Medghy Uxoh the pandemonium lord
110062 | Pan      | Learned a level 1 spell: Apportation
110074 | Pan      | Got a demonic rune of Zot
110399 | Pan      | Noticed Mennas
110410 | Pan      | Noticed Zibb the pandemonium lord
110446 | Pan      | Killed Zibb the pandemonium lord
110462 | Pan      | Killed Mennas
110645 | Pan      | Gained mutation: You are very clumsy. (Dex -4) [a neqoxec]
111335 | Pan      | Reached skill level 1 in Evocations
111339 | Pan      | Noticed Nific the pandemonium lord
111357 | Pan      | The Shining One protects you from harm!
111358 | Pan      | Killed from afar by a deep elf high priest

Illustrated notes

Levels and vault maps discovered:
D:1:      kilobyte_arrival_exit_the_forest, layout_basic, serial_glass,
          glass_columns_b, glass_columns_a, glass_columns_b, glass_columns_b,
          glass_columns_b, glass_columns_b, glass_columns_c, glass_columns_c,
          minmay_pentomino_q2
D:2:      layout_loops_ring, serial_shops, shop, minmay_misc_feat_chi,
          minivault_4, uniq_jessica
D:3:      layout_basic, nicolae_sif_muna_condensation
D:4:      layout_loops_cross, nemelex_diamond_rough_becter,
          nicolae_hepliaklqana_monster_ancestors
D:5:      layout_loops_corners, lemuel_doored_altar,
          nicolae_overflow_two_pavilions, minmay_temple_entry_poolview,
          gammafunk_ghost_hive
D:6:      layout_rooms, nicolae_overflow_squiral, serial_curves, eino_curves_04,
          eino_curves_01, eino_curves_01, minivault_26
D:7:      minmay_the_grid_octo_tiled_octocenter
          [minmay_the_grid_octo_tetromino_candy, minmay_the_grid_octo_clover_2,
          minmay_the_grid_octo_pinwheel, minmay_the_grid_octo_empty,
          minmay_the_grid_octo_prize_big_c,
          minmay_the_grid_square_5x5_three_walls,
          minmay_the_grid_square_5x5_inner_z,
          minmay_the_grid_square_5x5_two_walls_a,
          minmay_the_grid_square_5x5_slash], layout_rooms, elyvilon_altar_4,
          nrook_mini_vaults, hellmonk_bongcloud_opening
D:8:      layout_cave_pools, nzn_wu_jian_council_hall, general_overflow_altar,
          mainiacjoe_overflow_concentric_impassable,
          nicolae_concentric_dashed_squares_wild, grunt_ogre_cave,
          kennysheep_generic_room_15
D:9:      layout_roguey, kennysheep_mini, hangedman_corner_corridor
D:10:     layout_basic, due_lair_maze_entry_diamond,
          kennysheep_opposing_triangles
D:11:     layout_basic, erik_orc_4, serial_undead, serial_undead_f,
          serial_undead_f, serial_undead_d, serial_undead_a, serial_undead_c,
          serial_undead_e, serial_undead_a, serial_undead_e, serial_undead_b,
          serial_undead_b
D:12:     layout_long_grid, portal_ice_cave_rime, serial_demonic,
          serial_demonic_g, serial_demonic_e, serial_demonic_d,
          serial_demonic_e, serial_demonic_b, serial_demonic_a
D:13:     layout_roguey, david_vaults_1, nicolae_straight_to_the_point,
          uniq_rupert
D:14:     layout_rooms, minmay_misc_feat_pillars, nicolae_specific_store,
          serial_bayou_lake_a, uniq_azrael
D:15:     hangedman_depths_entry_try_elsewhere_first, layout_layer_cave,
          minivault_14
Temple:   nicolae_temple_ecumenical_triangle
Lair:1:   layout_small_grid, uniq_grum, uniq_gastronok, uniq_harold
Lair:2:   layout_loops_ring, minmay_shoals_entry_beasts, basic_altar,
          st_stairs_3, grunt_megastairs_2, infiniplex_staircase_pool_2,
          lemuel_fruit_fields
Lair:3:   dpeg_oklob_shooting_range, layout_hall_layers,
          minmay_snake_entry_guardpost_small, lemuel_fruit_tree,
          grunt_megastairs_1, uniq_amaemon
Lair:4:   layout_roguey, basic_altar, serial_bayou_shore_b, grunt_megastairs_4,
          uniq_josephine
Lair:5:   hangedman_lair_caniforms_friends, layout_hall_layers,
          minmay_slime_entry_jelly_boxes, nicolae_lair_grazing_beasts
          [nicolae_sub_lair_graze_edge, nicolae_sub_lair_graze_edge,
          nicolae_sub_lair_graze_edge, nicolae_sub_lair_graze_edge], uniq_kirke
Shoals:1: layout_shoals, nicolae_shoals_enchanted_isle
Shoals:2: layout_shoals, nicolae_shoals_loop_pool
Shoals:3: layout_shoals, nicolae_shoals_dead_sea_scrolls, uniq_donald
Shoals:4: shoals_end_hellmonk_lost_city
Snake:1:  layout_misc_corridors, basic_altar, serial_shops, bzr_entry_road,
          nicolae_snake_yet_another_twisty_hallway, uniq_roxanne
Snake:2:  layout_basic, basic_altar
Snake:3:  layout_cave_town, serial_bayou_shore_a, minmay_shop_grove, uniq_agnes,
          uniq_bai_suzhen
Snake:4:  snake_pit_salamanders_mu, layout_misc_corridors,
          nicolae_snake_snake_lake, uniq_vashnia
Orc:1:    layout_caves, nicolae_volcano_entry_lava_flow, nicolae_orc_lava_tube
Orc:2:    kennysheep_orc_mage_school, layout_caves, serial_shops, shop,
          maelrawn_ghost_gauntlet_escape, basic_altar, nicolae_shop_clearance
Elf:1:    eino_elf_arrival_customs, layout_loops_cross, basic_altar,
          evilmike_minifort, minmay_misc_feat_five, lemuel_upstairs_altar
Elf:2:    elven_hall_of_blades_hangedman_original [grunt_blade_entry_basic],
          layout_loops_ring, serial_shops, nicolae_diamond_shop,
          minmay_elf_annihilation
Elf:3:    minmay_elf_hall_furrowed, layout_geoelf_grid,
          infiniplex_enter_wizlab_glasses
Vaults:1: hangedman_vaults_corner_blocks, hangedman_vaults_stagger,
          ontoclasm_vaults_chip, v_rooms_1, dpeg_vaults_monster_row,
          vaults_dpeg_emergency_exit, vaults_room_hangedman_quadrants,
          nicolae_vaults_little_squares_4, vaults_mumra_minichess,
          vaults_room_grunt_arrival_ludios, vaults_dpeg_encased_lava,
          nicolae_vaults_rhombus_5, layout_vaults_chaotic_city, uniq_aizul
Vaults:2: nicolae_vaults_shelves_hall, hangedman_vaults_maws,
          ontoclasm_vaults_ring_square, hangedman_vaults_stretched_pinwheel,
          vaults_mumra_chevron_long, vaults_room_corners, ontoclasm_vaults_spin,
          vaults_room_fours, vaults_room_pools, vaults_room_door_hall,
          nicolae_vaults_rhombus_6, hangedman_vaults_cutoff, layout_vaults_ring,
          uniq_asterion, uniq_mara
Vaults:3: vaults_dpeg_spiral, grunt_vaults_trifunnel,
          minmay_crypt_entry_simple_corners, nicolae_vaults_rhombus_7,
          vaults_mumra_hex, nicolae_vaults_network_star, grunt_vaults_bifocal,
          v_misc_11, ontoclasm_vaults_decontamination, nicolae_vaults_asterisk,
          vaults_room_pools, vaults_room_fours, layout_vaults_omnibox
Vaults:4: nicolae_vaults_diagonal_hallway_7, hangedman_vaults_hard_town_square,
          v_misc_25, v_alt_pattern_2, ontoclasm_vaults_loading_screen,
          layout_vaults_omnigrid, uniq_saint_roka
Vaults:5: uniq_margery
Crypt:1:  layout_misc_corridors, hangedman_batty
Crypt:2:  layout_catacombs, roderic_lattice_octagonal_star, uniq_grunn,
          uniq_xtahua
Crypt:3:  grunt_crypt_end_deaths_head, uniq_josephina
Depths:1: layout_basic, enter_ziggurat_b, pan_entry,
          chequers_serial_rivers_small_a, serial_shops, shop, hell_entry,
          nicolae_rock_paper_scissors
Depths:2: minmay_guarded_unrand_sceptre_of_torment, layout_gridville,
          hangedman_geh_valley, minmay_misc_feat_nine_boxes,
          rand_demon_pan_entry_7
Depths:3: abrahamwl_protected_by_tso_1, layout_cave_shapes, hell_entry,
          lemuel_tele_altar, abyss_entry, pan_entry, nicolae_triple_integral
Depths:4: grunt_zot_entry_hairpin, layout_basic, serial_shops, shop,
          grunt_mini_vestibule
Hell
Geh:1:    layout_gehenna_pools_triple
Tar:1:    layout_catacombs
Tar:2:    layout_cathedral_of_symmetry
Tar:3:    layout_catacombs
Tar:4:    layout_grid_maze, nicolae_tar_cuneiform_to_be, nicolae_tar_grid_combs
Zot:1:    circus_mu, layout_gridlike, uniq_vv
Zot:2:    layout_basic, grunt_megastairs_3
Zot:3:    layout_onion_interference
Zot:4:    layout_cellular_growth
Zot:5:    layout_misc_corridors
Pan:      evilmike_mini_pan_corridor, layout_basic, lemuel_hellion_island,
          layout_grid_shapes, nicolae_pan_diamonds, layout_cellular_growth,
          uniq_mennas_pan, grunt_pan_sceptre, layout_irregular_city,
          pan_blood_fountain

Skill      XL: |  1  2  3  4  5  6  7  8  9 10 11 12 13 14 15 16 17 18 19 20 21 22 23 24 25 26 27 |
---------------+----------------------------------------------------------------------------------+-----
Fighting       | 1 2 3 4 5 6 8 9 10 12 13 14 15 16 18 19 20 21 22 23 24 25 | 25.0
Long Blades    | 1 2 3 5 6 7 9 10 11 13 14 15 16 | 16.0
Ice Magic      | 5 6 7 9 10 11 12 13 18 | 18.4
Dodging        | 3 4 6 7 8 9 10 11 12 13 14 15 18 | 18.3
Spellcasting   | 3 4 6 7 8 9 10 16 | 16.0
Invocations    | 2 3 5 7 8 9 10 11 12 13 14 15 20 | 20.0
Throwing       | 1 2 4 5 10 | 10.0
Armour         | 1 4 5 6 7 8 10 11 12 13 14 18 | 18.0
Shields        | 3 5 6 7 8 9 10 11 12 13 14 18 | 18.0
Conjurations   | 2 3 5 6 8 9 10 11 12 | 12.0
Transmutations | 3 5 6 8 |  8.0
Translocations | 1 3 |  3.0
Evocations     | 1 |  1.1
Stealth        | |  2.0

Action                   |  1- 3 |  4- 6 |  7- 9 | 10-12 | 13-15 | 16-18 | 19-21 | 22-24 | 25-27 || total
-------------------------+-------+-------+-------+-------+-------+-------+-------+-------+-------++-------
Melee: Short sword       |    28 |    21 |    70 |   189 |       |       |       |       |       ||   308
       Dagger            |       |    45 |    36 |    56 |       |       |       |       |       ||   137
       Punch             |       |       |     2 |     3 |       |       |       |       |       ||     5
       Falchion          |       |       |       |   140 |   294 |       |       |       |       ||   434
       Great sword       |       |       |       |       |   342 |   162 |       |       |       ||   504
       Scimitar          |       |       |       |       |       |   671 |   996 |       |       ||  1667
       Eudemon blade     |       |       |       |       |       |       |    17 |  1169 |  3760 ||  4946
Throw: Dart              |       |       |     2 |     2 |     5 |     3 |       |       |       ||    12
       Javelin           |       |       |       |       |       |       |     1 |     4 |    39 ||    44
       Boomerang         |       |       |       |       |       |       |       |       |    25 ||    25
 Cast: Freeze            |    37 |    34 |    61 |   214 |   281 |   302 |   194 |    43 |       ||  1166
       Frozen Ramparts   |     2 |     6 |    20 |    58 |    58 |    79 |    89 |    49 |    70 ||   431
       Ozocubu's Armour  |       |     2 |    15 |    39 |    60 |    77 |    80 |    44 |    66 ||   383
       Hailstorm         |       |       |       |       |     5 |    36 |    11 |    30 |    32 ||   114
       Irradiate         |       |       |       |       |       |       |       |    28 |   180 ||   208
       Freezing Cloud    |       |       |       |       |       |       |       |    13 |    33 ||    46
       Wereblood         |       |       |       |       |       |       |       |     2 |     2 ||     4
       Blink             |       |       |       |       |       |       |       |       |     5 ||     5
       Ozocubu's Refrige |       |       |       |       |       |       |       |       |   167 ||   167
       Apportation       |       |       |       |       |       |       |       |       |     2 ||     2
Invok: Divine Shield     |       |       |       |     1 |     4 |     1 |    15 |    10 |    30 ||    61
       Cleansing Flame   |       |       |       |       |     2 |     1 |     9 |    10 |     5 ||    27
       Summon Divine War |       |       |       |       |       |       |     6 |     6 |     9 ||    21
       Brand Weapon With |       |       |       |       |       |       |     1 |       |       ||     1
Evoke: Wand              |       |       |     6 |     4 |    20 |    16 |     8 |    16 |    10 ||    80
       Phantom mirror    |       |       |       |       |       |       |       |       |     1 ||     1
  Use: Scroll            |       |       |     5 |     9 |    14 |     8 |    12 |     8 |    28 ||    84
       Potion            |       |       |       |     5 |     3 |     5 |     9 |     4 |    21 ||    47
 Stab: Sleeping          |     1 |       |       |       |       |       |       |       |       ||     1
Armor: Robe              |    20 |     6 |       |       |       |       |       |       |       ||    26
       Ring mail         |       |    47 |    94 |   385 |   415 |   320 |   337 |   273 |    36 ||  1907
       Troll leather arm |       |       |       |       |       |       |       |       |   555 ||   555
Dodge: Dodged            |    54 |    50 |    95 |   473 |   825 |   692 |   652 |   649 |  1775 ||  5265
Block: Kite shield       |       |       |       |   225 |   383 |   900 |  1747 |  1951 |  4149 ||  9355
       Reflection        |       |       |       |       |     4 |   105 |    75 |   196 |   102 ||   482
       Other             |       |       |       |       |   188 |    60 |       |       |       ||   248
       Buckler           |       |       |       |       |       |   193 |       |       |       ||   193
       Tower shield      |       |       |       |       |       |       |       |       |   527 ||   527
